Cogmind - Beta 14 @@@ ROGUE MODE // 2024.11.18 @ 09:44:57 Player: fpsbossfight Result: Self-destructed Performance ------------- Evolutions (2) 1000 Regions Visited (7) 1400 Robots Destroyed (50) 250 Value Destroyed (2014) 2014 Prototype IDs (7) 140 Alien Tech Used (0) 0 Bonus (1035) 1035 TOTAL SCORE: 5839 Bonus ------- High Alert Combat Kills 94 Follower Combat Kills 241 Entered Garrisons 200 Used RIF Installer 500 Cogmind --------- Core Integrity 389/550 Matter 185/300 Energy 134/240 System Corruption 4% Temperature Cool (0) Movement Treading (156) Location -8/Materials Parts ------- > --- POWER (1) -------- Nuclear Core > --- PROPULSION (4) --- Light Treads Improved Treads Advanced Treads Improved Medium Treads > --- UTILITY (4) ------ Large Storage Unit Targeting Computer Heavy Armor Plating > --- WEAPON (2) ------- Light Cannon Light Cannon > --- INVENTORY (15) --- Neutrino Core Light Treads Light Treads Large Storage Unit Large Matter Pod (150) Relay Coupler [Grunt] (22) Relay Coupler [Hunter] (17) Relay Coupler [Heavy] (10) Relay Coupler [Behemoth] (9) Gauss Rifle Gauss Rifle Gauss Rifle Shock Bomb Launcher Grenade Launcher Improved Remote Datajack Peak State ------------ > --- POWER ------------ Deuterium Engine > --- PROPULSION ------- Light Treads Improved Treads Advanced Treads Improved Medium Treads > --- UTILITY ---------- Large Storage Unit Targeting Computer Heavy Armor Plating > --- WEAPON ----------- Light Cannon Improved Remote Datajack > --- INVENTORY -------- Neutrino Core Light Treads Light Treads Large Storage Unit Large Matter Pod Relay Coupler [Grunt] Relay Coupler [Hunter] Relay Coupler [Heavy] Relay Coupler [Behemoth] Gauss Rifle Gauss Rifle Gauss Rifle Light Cannon Shock Bomb Launcher Grenade Launcher [Rating: 33] Favorites ----------- Power Ion Engine Engine Ion Engine Power Core Nuclear Core Propulsion Light Treads Treads Light Treads Leg Aluminum Leg Flight Unit Surge Thruster Utility Targeting Computer Device Improved Heat Sink Storage Large Storage Unit Processor Targeting Computer Protection Heavy Armor Plating Weapon Light Cannon Energy Gun Medium Laser Ballistic Cannon Light Cannon Launcher Mini Grenade Launcher Special Weapon Improved Remote Datajack Build | -11 -10 -10 -10 -9 -8 -8 -8 ------- Run | Yrd Mat Min Exi Min Mat Gar Mat Slots Evolved 4 | . . . . . 4 . . Power . | . . . . . . . . Propulsion 2 | . . . . . 2 . . Utility 2 | . . . . . 2 . . Weapon . | . . . . . . . . Parts Attached 35 | 2 7 . 1 2 9 13 1 Power 3 | . 1 . . . . 1 1 Engine 2 | . 1 . . . . 1 . Core 1 | . . . . . . . 1 Reactor . | . . . . . . . . Propulsion 15 | 2 1 . . 2 4 6 . Treads 14 | 2 1 . . 2 4 5 . Leg . | . . . . . . . . Wheel . | . . . . . . . . Hover . | . . . . . . . . Flight 1 | . . . . . . 1 . Utility 7 | . 3 . 1 . 2 1 . Device 1 | . . . . . 1 . . Storage 2 | . 1 . 1 . . . . Processor 1 | . 1 . . . . . . Hackware . | . . . . . . . . Protection 3 | . 1 . . . 1 1 . Artifact . | . . . . . . . . Weapon 10 | . 2 . . . 3 5 . Energy Gun . | . . . . . . . . Energy Cannon . | . . . . . . . . Ballistic Gun . | . . . . . . . . Ballistic Cannon 7 | . 2 . . . 2 3 . Launcher 2 | . . . . . 1 1 . Special Weapon 1 | . . . . . . 1 . Impact Weapon . | . . . . . . . . Slashing Weapon . | . . . . . . . . Piercing Weapon . | . . . . . . . . Special Melee Weapon . | . . . . . . . . Unidentified Prototypes . | . . . . . . . . Parts Lost 5 | . 1 . . 1 1 2 . Power 1 | . . . . . . 1 . Propulsion 1 | . . . . 1 . . . Utility 1 | . 1 . . . . . . Weapon 2 | . . . . . 1 1 . Highest Loss Streak 1 | . 1 . . 1 1 1 . To Critical Strikes . | . . . . . . . . Average Slot Usage (%) 93 | . 94 100 100 99 84 89 90 Engine 11 | . 14 14 14 14 9 8 4 Treads 31 | . 28 28 28 27 32 36 36 Storage 11 | . 14 14 14 14 9 9 9 Processor 9 | . 6 14 14 14 9 9 9 Protection 3 | . 1 . . . 3 9 9 Energy Gun 2 | . 10 . . . . . . Ballistic Cannon 20 | . 17 28 28 28 17 17 18 Peak Build Rating 33 | 6 8 8 8 9 21 33 29 Average Rating 14 | 6 7 8 8 8 17 25 29 On Entrance 11 | 6 6 8 8 8 9 21 29 Naked Turns . | . . . . . . . . Heaviest Build 51 | 12 22 21 31 31 46 51 50 Greatest Support 95 | 40 40 40 40 43 85 95 95 Greatest Overweight (x) 1 | . . . . 1 . 1 . Average Overweight (x) . | . . . . . . . . Largest Inventory Capacity 15 | 8 10 10 15 15 15 15 15 Average Capacity 12 | 8 9 10 10 15 15 15 15 Most Carried 15 | 6 10 10 10 10 15 15 15 Average Carried 11 | 6 9 10 9 9 14 13 15 Final Capacity 15 | 8 10 10 15 15 15 15 15 Final Carried 15 | 6 10 10 10 10 15 15 15 Class Distribution -------------------- 86% | Mutant 9% | Bothacker-Mutant 4% | Commander-Mutant Dominant Class ---------------- Mutant | -10/Materials Mutant | -10/Mines Mutant | -10/Exiles Mutant | -9/Mines Mutant | -8/Materials Mutant | -8/Garrison Bothacker-Mutant | -8/Materials Resources | -11 -10 -10 -10 -9 -8 -8 -8 ----------- Run | Yrd Mat Min Exi Min Mat Gar Mat Matter Collected 1741 | 200 345 56 . 141 279 720 . Remotely . | . . . . . . . . Salvage Created 1184 | . 375 63 . 156 270 320 . Parts 75 | . 27 . . 11 14 23 . Haulers Intercepted 2 | . 1 . . . 1 . . Recyclers Shooed . | . . . . . . . . Parts Field Recycled . | . . . . . . . . Retrieved Matter . | . . . . . . . . Parts Self-Destructed . | . . . . . . . . Prevented . | . . . . . . . . Kills | -11 -10 -10 -10 -9 -8 -8 -8 ------- Run | Yrd Mat Min Exi Min Mat Gar Mat Combat Hostiles Destroyed 42 | . 11 2 . 7 7 15 . Guns 7 | . 7 . . . . . . Cannons 31 | . 4 2 . 7 6 12 . AOE 4 | . . . . . 1 3 . Classes Destroyed 11 | . 5 . . 1 3 2 . Worker 1 | . 1 . . . . . . Hauler 2 | . 1 . . . 1 . . Recycler 1 | . . . . 1 . . . Operator 1 | . . . . . 1 . . Watcher 3 | . 2 . . . 1 . . Swarmer 18 | . 5 . . 7 . 6 . Grunt 13 | . 6 2 . . 3 2 . Sentry 3 | . . . . . 3 . . Specialist 1 | . . . . . . 1 . Hunter 4 | . . . . . 1 3 . Programmer 3 | . . . . . . 3 . Best Kill Streak 5 | . 3 2 . 5 2 3 . Combat Bots Only 4 | . 3 2 . 4 2 3 . Max Kills in Single Turn 3 | . 1 1 . 2 1 3 . Gunslinging . | . . . . . . . . Exploded 3 | . . . . . 1 3 . Melee . | . . . . . . . . Uniques/NPCs Destroyed . | . . . . . . . . Combat | -11 -10 -10 -10 -9 -8 -8 -8 -------- Run | Yrd Mat Min Exi Min Mat Gar Mat Hostile Shots Fired 229 | . 46 16 . 28 43 96 . Missed 70 | . 11 6 . 10 22 21 . Damage Taken 2089 | . 344 123 . 141 409 1072 . Core 196 | . 10 10 . 15 83 78 . Absorbed by Shields . | . . . . . . . . Core Remaining (%) 93 | 100 . . . 86 . . . Volleys Fired 173 | . 42 7 . 19 30 75 . Largest 2 | . 2 2 . 2 2 2 . Hottest 100 | . 100 70 . 70 70 70 . Shots Fired 297 | . 60 14 . 29 54 139 1 Gun 30 | . 30 . . . . . . Cannon 254 | . 30 14 . 29 48 132 1 Launcher 7 | . . . . . 6 1 . Special 6 | . . . . . . 6 . Kinetic 254 | . 30 14 . 29 48 132 1 Thermal 30 | . 30 . . . . . . Explosive 7 | . . . . . 6 1 . Electromagnetic . | . . . . . . . . Robot Hit Streak 26 | . 10 8 . 5 12 26 . Robot Miss Streak 4 | . 2 1 . 4 2 2 . Penetration Max . | . . . . . . . . Secondary Targets . | . . . . . . . . Shots Hit Robots 187 | . 39 9 . 13 37 89 . Core Hits 83 | . 20 3 . 8 23 29 . Critical Kills . | . . . . . . . . Critical Parts Destroyed . | . . . . . . . . Critical Strikes 13 | . 4 1 . . 3 5 . Burn 1 | . 1 . . . . . . Blast 12 | . 3 1 . . 3 5 . Melee Attacks . | . . . . . . . . Impact . | . . . . . . . . Slashing . | . . . . . . . . Piercing . | . . . . . . . . Sneak Attacks . | . . . . . . . . Combat Hostiles . | . . . . . . . . Follow-up Attacks . | . . . . . . . . Damage Inflicted 3647 | . 603 150 . 248 1181 1465 . Guns 239 | . 239 . . . . . . Cannons 2732 | . 351 150 . 248 640 1343 . Explosions 655 | . . . . . 541 114 . Melee . | . . . . . . . . Ramming 21 | . 13 . . . . 8 . Kinetic 2732 | . 351 150 . 248 640 1343 . Thermal 239 | . 239 . . . . . . Explosive 655 | . . . . . 541 114 . Electromagnetic . | . . . . . . . . Impact . | . . . . . . . . Slashing . | . . . . . . . . Piercing . | . . . . . . . . Highest Corruption 4 | . . . . . . 4 4 Average Corruption 3 | . . . . . . 3 4 Corruption Purged . | . . . . . . . . Corruption Blocked . | . . . . . . . . Effects 31 | . . . . . . 30 1 Message Errors 3 | . . . . . . 3 . Matter Fused 8 | . . . . . . 8 . Heat Flow Errors 3 | . . . . . . 3 . Energy Discharges 3 | . . . . . . 3 . Parts Rejected 1 | . . . . . . 1 . Data Loss (minor) 4 | . . . . . . 4 . Data Loss (major) 3 | . . . . . . 3 . Misfires 2 | . . . . . . 1 1 Alerts 3 | . . . . . . 3 . Weapon Failures 1 | . . . . . . 1 . Overload Shots . | . . . . . . . . Overflow Damage 83 | . . . . . 46 37 . Projectiles 47 | . . . . . 10 37 . Explosions 36 | . . . . . 36 . . Melee . | . . . . . . . . Knockbacks 22 | . 3 3 . 5 2 9 . Impact . | . . . . . . . . Kinetic 20 | . 3 3 . 4 2 8 . Secondary 2 | . . . . 1 . 1 . Self-Inflicted Damage 30 | . . . . . . 30 . Shots 1 | . . . . . . 1 . Rammed 5 | . 4 . . . . 1 . Targets Rammed 5 | . 4 . . . . 1 . Kicked . | . . . . . . . . Crushed . | . . . . . . . . Highest Temperature 330 | . 330 135 . 41 27 212 3 Average Temperature 48 | . 81 71 . 19 13 38 3 Received Heat Transfer 549 | . 126 72 . . 207 144 . Effects 2 | . 2 . . . . . . Energy Bleed 2 | . 2 . . . . . . Siege Activations . | . . . . . . . . Robots Corrupted . | . . . . . . . . Combat Hostiles . | . . . . . . . . Parts Fried . | . . . . . . . . Impact Corruptions . | . . . . . . . . Robots Melted . | . . . . . . . . Combat Hostiles . | . . . . . . . . Parts Melted 1 | . 1 . . . . . . Heat Transferred 777 | . 777 . . . . . . Parts Sabotaged . | . . . . . . . . Parts Stolen . | . . . . . . . . Parts Stripped . | . . . . . . . . Power Chain Reactions . | . . . . . . . . Alert | -11 -10 -10 -10 -9 -8 -8 -8 ------- Run | Yrd Mat Min Exi Min Mat Gar Mat Peak Influence 1287 | . 273 129 . 155 320 1287 627 Initial 627 | . . 64 . . . 130 627 Average 280 | . 90 125 . 73 149 566 627 Maximum Alert Level 4 | . 1 . . . 1 4 2 Low Security (%) 58 | 100 93 100 . 100 72 6 . Level 1 15 | . 6 . . . 27 27 . Level 2 13 | . . . . . . 35 100 Level 3 10 | . . . . . . 26 . Level 4 1 | . . . . . . 4 . Level 5 . | . . . . . . . . High Security . | . . . . . . . . Max Security . | . . . . . . . . Squads Dispatched 6 | . 3 . . 1 2 . . Investigation 4 | . 2 . . . 2 . . Extermination . | . . . . . . . . Reinforcement 1 | . 1 . . . . . . Assault 1 | . . . . 1 . . . Garrison . | . . . . . . . . Intercept . | . . . . . . . . Searches Triggered . | . . . . . . . . Construction Impeded . | . . . . . . . . Haulers Reinforced . | . . . . . . . . Active Scanning Responses . | . . . . . . . . Cargo Convoy Interrupts . | . . . . . . . . Stealth | -11 -10 -10 -10 -9 -8 -8 -8 --------- Run | Yrd Mat Min Exi Min Mat Gar Mat Distress Signals 2 | . 1 . . . 1 . . Communications Jammed . | . . . . . . . . Distress Signals . | . . . . . . . . Times Spotted 63 | . 20 2 . 7 15 19 . Peak Tracking Total 4 | . 3 2 . 4 3 4 . Tactical Retreats 4 | . 3 . . . . 1 . Traps | -11 -10 -10 -10 -9 -8 -8 -8 ------- Run | Yrd Mat Min Exi Min Mat Gar Mat Traps Triggered 3 | . 2 . . . . 1 . Indirectly . | . . . . . . . . Trap Hack Attempts . | . . . . . . . . Triggered . | . . . . . . . . Disarmed . | . . . . . . . . Reprogrammed . | . . . . . . . . Reused . | . . . . . . . . Traps Extracted . | . . . . . . . . Installed . | . . . . . . . . Triggered . | . . . . . . . . Machines | -11 -10 -10 -10 -9 -8 -8 -8 ---------- Run | Yrd Mat Min Exi Min Mat Gar Mat Machines Disabled 6 | . 1 1 . . . 4 . Max in Single Turn 1 | . 1 1 . . . 1 . Garrison Access 1 | . . . . . . . 1 Garrison Relay 3 | . . . . . . 3 . Machines Repaired . | . . . . . . . . Machines Dismantled . | . . . . . . . . Machines Sabotaged . | . . . . . . . . Overloaded Fab Kills . | . . . . . . . . Hacking | -11 -10 -10 -10 -9 -8 -8 -8 --------- Run | Yrd Mat Min Exi Min Mat Gar Mat Machines Accessed 17 | . 7 . . . 7 2 1 Terminals 12 | . 5 . . . 5 2 . Fabricators . | . . . . . . . . Repair Stations . | . . . . . . . . Recycling Units 3 | . 2 . . . 1 . . Scanalyzers . | . . . . . . . . Garrison Access 2 | . . . . . 1 . 1 Total Hacks 43 | . 14 . . . 24 4 1 Successful 24 | . 12 . . . 11 . 1 Failed 19 | . 2 . . . 13 4 . Catastrophic 5 | . . . . . 2 3 . Database Lockouts . | . . . . . . . . Manual 23 | . 10 . . . 13 . . Terminals 37 | . 12 . . . 21 4 . Fabricators . | . . . . . . . . Repair Stations . | . . . . . . . . Recycling Units 3 | . 2 . . . 1 . . Scanalyzers . | . . . . . . . . Garrison Access 3 | . . . . . 2 . 1 Terminal Hacks 10 | . 4 . . . 6 . . Prototype ID Bank 4 | . 2 . . . 2 . . Branch Access Points 1 | . . . . . 1 . . Alert Level 2 | . . . . . 2 . . Locate Traps 2 | . 1 . . . 1 . . Recall Investigation 1 | . 1 . . . . . . Fabricator Hacks . | . . . . . . . . Repair Station Hacks . | . . . . . . . . Recycling Unit Hacks . | . . . . . . . . Scanalyzer . | . . . . . . . . Garrison Access Hacks 2 | . . . . . 1 . 1 Unlock Access 1 | . . . . . 1 . . Seal Access 1 | . . . . . . . 1 Unauthorized Hacks 12 | . 8 . . . 4 . . Terminals 9 | . 6 . . . 3 . . Track 1 | . 1 . . . . . . Botnet 7 | . 4 . . . 3 . . Disrupt 1 | . 1 . . . . . . Fabricators . | . . . . . . . . Repair Stations . | . . . . . . . . Recycling Units 3 | . 2 . . . 1 . . Reject 2 | . 1 . . . 1 . . Tunnel 1 | . 1 . . . . . . Scanalyzers . | . . . . . . . . Garrison Access . | . . . . . . . . Data Cores Recovered 1 | . . . . . 1 . . Used . | . . . . . . . . Hacking Detections 12 | . 5 . . . 5 2 . Full Trace Events 2 | . . . . . 1 1 . Feedback Events . | . . . . . . . . Feedback Blocked . | . . . . . . . . Robot Schematics Acquired . | . . . . . . . . Robots Built . | . . . . . . . . Authchips . | . . . . . . . . Time . | . . . . . . . . Total Robot Build Rating . | . . . . . . . . Part Schematics Acquired . | . . . . . . . . Parts Built . | . . . . . . . . Authchips . | . . . . . . . . Time . | . . . . . . . . Total Part Build Rating . | . . . . . . . . Parts Repaired . | . . . . . . . . Time . | . . . . . . . . Parts Recycled . | . . . . . . . . Recycled Matter . | . . . . . . . . Retrieved Matter . | . . . . . . . . Retrieved Components . | . . . . . . . . Parts Scanalyzed . | . . . . . . . . Part Schematics Acquired . | . . . . . . . . Parts Damaged . | . . . . . . . . Bothacking | -11 -10 -10 -10 -9 -8 -8 -8 ------------ Run | Yrd Mat Min Exi Min Mat Gar Mat Used RIF Installer 1 | . . . . . . 1 . Robots Hacked . | . . . . . . . . Non-combat . | . . . . . . . . Combat . | . . . . . . . . Robot Hacks Applied . | . . . . . . . . Relay Couplers Released 16 | . . . . . . 16 . Machine Destruction 12 | . . . . . . 12 . Programmers 4 | . . . . . . 4 . Fabnet Peak Effective % . | . . . . . . . . Robots Rewired 8 | . . . . . . 8 . Allies Hacked . | . . . . . . . . Hacks Repelled . | . . . . . . . . Allies | -11 -10 -10 -10 -9 -8 -8 -8 -------- Run | Yrd Mat Min Exi Min Mat Gar Mat Total Allies 9 | . . . . 1 . 8 . Largest Group 5 | . . . . 1 1 5 2 Highest-Rated Group 111 | . . . . 31 31 111 78 Highest-Rated Ally 39 | . . . . 31 31 39 39 Total Orders . | . . . . . . . . Ally Attacks 44 | . . . . . 32 12 . Total Damage 727 | . . . . . 450 277 . Kills 9 | . . . . . 6 3 . Allies Corrupted . | . . . . . . . . Allies Melted . | . . . . . . . . Intel | -11 -10 -10 -10 -9 -8 -8 -8 ------- Run | Yrd Mat Min Exi Min Mat Gar Mat Robot Analysis Total . | . . . . . . . . Derelict Logs Recovered 1 | . . . . 1 . . . Drone Launches . | . . . . . . . . Drone Recoveries . | . . . . . . . . Exploration | -11 -10 -10 -10 -9 -8 -8 -8 ------------- Run | Yrd Mat Min Exi Min Mat Gar Mat Turns Passed 4753 | 3 1160 253 573 612 554 1577 21 Spaces Moved 2501 | 1 602 146 357 349 277 757 12 Core . | . . . . . . . . Treads 2501 | 1 602 146 357 349 277 757 12 Legs . | . . . . . . . . Wheels . | . . . . . . . . Hover . | . . . . . . . . Flight . | . . . . . . . . Fastest Speed 156 | 160 160 160 160 160 156 156 156 Average Speed 160 | 160 160 160 160 160 157 164 156 Slowest Speed 240 | 160 160 160 160 240 160 240 156 Overloaded Moves . | . . . . . . . . Propulsion Burnouts . | . . . . . . . . Robots Hopped . | . . . . . . . . Cave-ins Triggered . | . . . . . . . . Exploration Rate (%) 50 | 2 86 31 84 76 33 87 4 Regions Visited 7 Branch Regions 3 Pre-discovered Areas 2 | . 1 . . 1 . . . Known Exits Taken 1 | . . . . . 1 . . Unknown Exits Taken 5 | 1 1 1 1 1 . . . Scrap Searched 3 | . . 1 . 2 . . . Spaces Dug . | . . . . . . . . Terrain Destroyed 39 | . . . . . 39 . . Melee . | . . . . . . . . Projectile . | . . . . . . . . AOE 39 | . . . . . 39 . . Terrain Rammed . | . . . . . . . . Walls Destroyed . | . . . . . . . . Machines Disabled . | . . . . . . . . Actions | -11 -10 -10 -10 -9 -8 -8 -8 --------- Run | Yrd Mat Min Exi Min Mat Gar Mat Total 2941 | 2 741 152 360 373 342 957 14 Wait 98 | . 59 . . 1 9 29 . Move 2494 | . 601 145 356 348 276 756 12 Hop . | . . . . . . . . Pick Up 34 | . 15 . 1 1 10 7 . Fast Attach 10 | . 4 . . 1 3 1 1 Attach 8 | . 2 . . 1 2 3 . Detach 4 | . 1 . . 1 1 1 . Swap 17 | 2 1 . 1 . 4 9 . Drop 30 | . 12 . 2 1 7 7 1 Fire 173 | . 42 7 . 19 30 75 . Melee . | . . . . . . . . Ram . | . . . . . . . . Kick . | . . . . . . . . Crush 5 | . 4 . . . . 1 . Escape Stasis . | . . . . . . . . Rewire 68 | . . . . . . 68 . Trap . | . . . . . . . . Miscellaneous . | . . . . . . . . Route ------- -11/Scrapyard -10/Materials (discovered 4 exits: [*Mat x3] / [*Min]) -10/Mines -10/Exiles (discovered 2 exits: [*Min x2]) -9/Mines -8/Materials -8/Garrison (discovered 4 exits: *Mat x4) -8/Materials History --------- Turn | Location | Event 4 | -11/Scrapyard | Discovered new exit (range 0) 4 | -11/Scrapyard | Entered Materials 294 | -10/Materials | Discovered new exit (range 8) 308 | -10/Materials | Build established: Mutant 455 | -10/Materials | Discovered new exit (range 16) 696 | -10/Materials | Discovered new exit (range 6) 1061 | -10/Materials | Discovered new exit (range 16) 1164 | -10/Materials | Entered Mines 1165 | -10/Mines | Assembled infested the area 1411 | -10/Mines | Deemed a non-threat by the Exiles lab entrance 1411 | -10/Mines | Discovered new exit (range 5) 1417 | -10/Mines | Entered Exiles 1441 | -10/Exiles | Discovered new exit (range 15) 1464 | -10/Exiles | Met 8R-AWN 1489 | -10/Exiles | Met EX-HEX 1552 | -10/Exiles | Met EX-DEC 1571 | -10/Exiles | Met EX-BIN 1724 | -10/Exiles | Visited The Gauntlet 1969 | -10/Exiles | Discovered new exit (range 14) 1990 | -10/Exiles | Entered Mines 2373 | -9/Mines | YI-UF0 nonchalantly dropped a Grenade Launcher on the ground 2384 | -9/Mines | Discovered new exit (range 6) 2524 | -9/Mines | Met a Derelict testing a Signal Generator 2602 | -9/Mines | Entered Materials 2602 | -8/Materials | Accompanied by 1 ally 2602 | -8/Materials | Evolved 4 slots: Propulsion x2, Utility x2 3154 | -8/Materials | Identified exit to Garrison 3156 | -8/Materials | Entered Garrison 3293 | -8/Garrison | Warlord forces raided the area 3358 | -8/Garrison | Triggered checkpoint 3358 | -8/Garrison | Triggered checkpoint 3378 | -8/Garrison | Triggered checkpoint 3406 | -8/Garrison | Triggered checkpoint 3484 | -8/Garrison | Triggered checkpoint 3646 | -8/Garrison | Triggered checkpoint 3737 | -8/Garrison | Garrison Relay disabled 3812 | -8/Garrison | Lost 3 allies 3839 | -8/Garrison | Installed Relay Interface Framework 3921 | -8/Garrison | Discovered new exit (range 13) 3972 | -8/Garrison | Discovered new exit (range 5) 4008 | -8/Garrison | Lost 3 allies 4242 | -8/Garrison | Triggered checkpoint 4268 | -8/Garrison | Garrison Relay disabled 4303 | -8/Garrison | Discovered new exit (range 10) 4514 | -8/Garrison | Triggered checkpoint 4575 | -8/Garrison | Garrison Relay disabled 4576 | -8/Garrison | Build established: Bothacker-Mutant 4641 | -8/Garrison | Discovered new exit (range 14) 4733 | -8/Garrison | Entered Materials 4733 | -8/Materials | Accompanied by 2 allies 4754 | -8/Materials | Self-destructed Last Messages --------------- 04695_ G-47 Trooper destroyed. 04698_ Acquired 4 matter. 04700_ Acquired 8 matter. 04701_ Acquired 55 matter. 04707_ Attempting to rewire HU-3DN(h). 04710_ HU-3DN(h) rewired. 04711_ Attempting to rewire BJ-RJN(h). 04716_ BJ-RJN(h) rewired. LOCATION=UNKNOWN GOAL=ESCAPE 04733_ Detecting nearby Garrison Access. 04739_ System corrupted: FCS attempts to trigger Lgt. Cannon. 04739_ System corrupted: Lgt. Cannon misfires. 04741_ Connecting with Garrison Access... 04741_ Current location identified: Materials >>Seal Access door sealed. 04748_ Dropped Deuterium Engine. 04748_ Acquired Nuclear Core. Map ----- +----------------------------------------------------+ | ????????????????????????????????????????????? | | ????????????????????????????????????????????? | | ????????????????????????????????????????????? | | ????????????????????????????????????????????? | | ????????????????????????????????????????????? | | ????????????????????????????????????????????? | | ????????????????????????????????????????????? | | ????????????????????????????????????????????? | | ????????????????????????????????????????????? | | ????????????????????????????????????????????? | | ????????????????????????? ?????????????????? | | ???????????????????? ???? ##???????????????? | | ??????????????????# ???? ???????????????? | | ??????????????????# ???? ??????????????? | | ??????????????????# ??" ???????????????? | | ??????????????????# ??" ???????????????? | | ??????????????????# ?"" ????????????????? | | ?????????????###### ????????????????? | | ????????????? #????????????????? | | ?????????????? """ #????????????????? | | ???????????????? """ ####?????????????? | | ?????????????????# """ """#?????????????? | | ?????????????????# R"#?????????????? | | ?????????????????# ""???????????????? | | ?????????????????# *! #????????????????? | | ?????????????????# *h @ ####?????????????? | | ?????????????????# * ! h #?????????????? | | ?????????????????# #?????????????? | | ?????????????????# #?????????????? | | ?????????????????# #?????????????? | | ?????????????????#####" "######?????????????? | | ?????????????????????#"G"#??????????????????? | | ?????????????????????# " #??????????????????? | | ?????????????????????#####??????????????????? | | ????????????????????????????????????????????? | | ????????????????????????????????????????????? | | | | | | | | | | | | | | | | | | | | | | | | | | | | | +----------------------------------------------------+ Best States ------------- Heat Dissipation 45 Energy Generation 14 Energy Capacity 275 Matter Stores 300 Matter Capacity 300 Sight Range 16 Terrain Scan Density 10 Armor Coverage 600 Evasion (%) 40 Targeting Accuracy 5 Recoil Reduction 4 Item Schematics ----------------- None Robot Schematics ------------------ None Fabricated ------------ Nothing Alien Tech Used ----------------- None Achievements -------------- None Challenges ------------ None Game ------ Seed MicroVortexScreen Manual? 0 Play Time 00:35:01 Cumulative 242.1 hours Start 2024.11.08 @ 22:41:01 End 2024.11.18 @ 09:44:57 Sessions 8 Manual Loads 0 Difficulty Rogue Special Mode None Game No. 122 Rogue 115 Adventurer 0 Explorer 7 Win Type - Total 19 Types 7/2/5/3/1/0/1/0/0 Lore% 47 Gallery% 70 Achievement% 72 Wizard Run 0 Options --------- Layout 2 ASCII 0 Keyboard 1 Movement Numpad Keybinds 0 Fullscreen 0 Font 14/SmallcapsGlow Map View 50x44 Zoom Use 0% Tactical HUD 1 Map Filters NONE Filters NONE Steam X RUN: 867fb8c2-f692-4df5-8fc7-1506eb08a7d1